 Dungeon Crawl Stone Soup version 0.22.0-49-gab54619 (webtiles) character file.

58 Markonkel the Shield-Bearer (level 3, -4/33 HPs)
             Began as a Minotaur Fighter on Sept 6, 2018.
             Killed from afar by Natasha (8 damage)
             ... with a magic dart
             ... on level 2 of the Dungeon.
             The game lasted 00:13:48 (1374 turns).

Markonkel the Shield-Bearer (Minotaur Fighter)      Turns: 1374, Time: 00:13:52

Health: -4/33      AC:  7    Str: 21    XL:     3   Next: 75%
Magic:  2/2        EV:  7    Int:  5    God:
Gold:   32         SH:  9    Dex:  9    Spells: 2/2 levels left

rFire    . . .     SeeInvis .   a - +0 war axe
rCold    . . .     Gourm    .   c - +0 shield
rNeg     . . .     Faith    .   b - +0 scale mail
rPois    .         Spirit   .   (helmet restricted)
rElec    .         Reflect  .   (no cloak)
rCorr    .         Harm     .   (no gloves)
MR       .....                  (no boots)
Stlth    ..........             (no amulet)
HPRegen  0.11/turn              (no ring)
MPRegen  0.08/turn              (no ring)

@: no status effects
A: retaliatory headbutt, horns 2
a: no special abilities


You were on level 2 of the Dungeon.
You were hungry.

You visited 1 branch of the dungeon, and saw 2 of its levels.

You collected 32 gold pieces.

Inventory:

Hand Weapons
 a - a +0 war axe (weapon)
 h - a +0 dagger
 i - a +0 mace
Missiles
 g - 3 tomahawks (quivered)
 l - 25 arrows
Armour
 b - a +0 scale mail (worn)
 c - a +0 shield (worn)
 m - a +0 leather armour
 o - a +0 cloak
 q - a +0 scale mail
 s - a +0 animal skin
 t - a +0 helmet
Jewellery
 k - a cursed ring of teleportation {unknown}
Scrolls
 e - a scroll of enchant armour {unknown}
 j - a scroll of teleportation {unknown}
 n - 4 scrolls of identify {unknown}
Potions
 d - a potion of might
 p - a potion of haste {unknown}
 r - 2 potions of resistance {unknown}
Comestibles
 f - 4 rations
 u - 5 chunks of flesh


   Skills:
 + Level 4.0 Fighting
 + Level 3.1 Axes
 + Level 4.3 Armour
 + Level 0.6 Dodging
 + Level 4.3 Shields


You had 2 spell levels left.
You didn't know any spells.
Your spell library was empty.

Dungeon Overview and Level Annotations

Branches:
Dungeon (2/15)

Altars:

Annotations:
D:2 Natasha


Innate Abilities, Weirdness & Mutations

You reflexively headbutt those who attack you in melee.
You have a pair of horns on your head.


Message History

Natasha casts a spell.
You are feeling hungry.
You closely miss Natasha. Natasha claws you. x2
You barely miss the iron imp. You hit Natasha. The iron imp hits you.
You block Natasha's attack. The iron imp hits you! Natasha claws you.
* * * LOW HITPOINT WARNING * * *
Natasha casts a spell at you. The magic dart hits you!
* * * LOW HITPOINT WARNING * * *
You slash the rat!
You kill the rat!
You block Natasha's attack.
Your shield and scale mail prevent you from hitting Natasha.
Natasha is heavily wounded.
Your shield and scale mail prevent you from hitting the iron imp.
You block the iron imp's attack.
Natasha stares at you and mumbles some strange words.
The magic dart hits you!
You die...

........#####.###
......).##.......#
........##.......##
........##.........
.................
..........#.....
#........#
#†5......#####.
#@hw...........
#######.###....
#..##.# ( ##.##.#
#..#.# #####'#.#
#.......# #.......#
.### #.......#....


You could see a worm, an iron imp and Natasha.

Vanquished Creatures
  Robin (D:2)
  An adder (D:2)
  An ooze (D:1)
  A leopard gecko (D:2)
  3 giant cockroaches
  8 goblins
  4 hobgoblins
  5 bats
  2 frilled lizards (D:1)
  3 kobolds (D:1)
  3 rats
32 creatures vanquished.

Notes
Turn   | Place    | Note
-------+----------+-------------------------------------------
     0 | D:1      | Markonkel the Minotaur Fighter began the quest for the Orb.
     0 | D:1      | Reached XP level 1. HP: 19/19 MP: 0/0
   335 | D:1      | Reached XP level 2. HP: 27/27 MP: 1/1
  1280 | D:2      | Noticed Robin
  1285 | D:2      | Reached XP level 3. HP: 31/33 MP: 2/2
  1290 | D:2      | Killed Robin
  1362 | D:2      | Noticed Natasha
  1374 | D:2      | Killed from afar by Natasha

Skill      XL: |  1  2  3 |
---------------+----------+-----
Shields        | 4 |  4.3
Armour         | 4 |  4.3
Fighting       | 4 |  4.0
Axes           | 3 |  3.1
Dodging        | |  0.6

Action                   || total
-------------------------++-------
Melee: War axe           ||    73
       Headbutt          ||     7
  Eat: Chunk             ||     1
Armor: Scale mail        ||    54
Dodge: Dodged            ||    26
Block: Shield            ||    45
